 Dungeon Crawl Stone Soup version 0.29-a0-839-g4793fd635e (webtiles) character file.

Game seed: 18107570584700807935

6 Malachi the Trooper (level 1, -1/19 HPs)
             Began as a Ghoul Abyssal Knight on July 14, 2022.
             Was a Believer of Lugonu.
             Slain by a hobgoblin
             ... wielding a +0 spear
              (3 damage)
             ... on level 1 of the Dungeon.
             The game lasted 00:00:15 (47 turns).

Malachi the Trooper (Ghoul Abyssal Knight)            Turns: 47, Time: 00:00:15

Health: -1/19      AC:  3    Str: 16    XL:     1   Next: 90%
Magic:  1/1        EV: 11    Int:  5    God:    Lugonu [**....]
Gold:   0          SH:  0    Dex:  9    Spells: 0/0 levels left

rFire   . . .      SeeInvis .   a - +1 mace
rCold   + . .      Faith    .   (no shield)
rNeg    + + +      Spirit   .   b - +0 leather armour
rPois   ∞          Reflect  .   (no helmet)
rElec   .          Harm     .   (no cloak)
rCorr   .          Rampage  .   (no gloves)
Will    .....                   (no boots)
Stlth   +.........              (no amulet)
HPRegen 0.00/turn               (no ring)
MPRegen 0.07/turn               (no ring)

@: inhibited regen
A: claws 1, cold resistance 1, negative energy resistance 3, inhibited
regeneration, torment resistance 2, devour on kill
a: Renounce Religion, Depart the Abyss, Bend Space


You were on level 1 of the Dungeon.
You worshipped Lugonu.
Lugonu was pleased with you.
You visited 1 branch of the dungeon, and saw 1 of its levels.
You visited the Abyss 1 time.

Inventory:

Hand Weapons
 a - a +1 mace (weapon)
Armour
 b - a +0 leather armour (worn)


   Skills:
 + Level 3.5 Fighting
 + Level 1.8 Maces & Flails
 + Level 1.8 Armour
 + Level 0.9 Dodging
 + Level 2.1 Invocations


You couldn't memorise any spells.
You didn't know any spells.
Your spell library was empty.

Dungeon Overview and Level Annotations

Branches:
Dungeon (1/15)

Altars:


Innate Abilities, Weirdness & Mutations

You are immune to poison.
You have sharp fingernails.
Your flesh is cold resistant. (rC+)
You are immune to negative energy. (rN+++)
You do not regenerate when monsters are visible.
You are immune to unholy pain and torment.
You thrive by killing the living.


Message History

You hit the hobgoblin.
The hobgoblin is almost dead.
The jackal closely misses you. The hobgoblin misses you. The jackal bites you.
* * * LOW HITPOINT WARNING * * *
You closely miss the jackal. The hobgoblin completely misses you.
The jackal barely misses you.
You closely miss the hobgoblin.
The hobgoblin is almost dead.
The jackal closely misses you. The hobgoblin closely misses you.
The jackal barely misses you. The hobgoblin barely misses you.
You sock the hobgoblin!
You kill the hobgoblin!
Lugonu accepts your kill.
You feel better.
The jackal bites you but does no damage.
The jackal bites you.
* * * LOW HITPOINT WARNING * * *
You hit the frilled lizard.
You kill the frilled lizard!
Lugonu accepts your kill.
The jackal bites you but does no damage.
The jackal misses you.
You hit the jackal.
The jackal is almost dead.
The jackal completely misses you.
The jackal bites you but does no damage.
You barely miss the jackal.
The jackal is almost dead.
The jackal bites you but does no damage.
The jackal misses you.
You sock the jackal!
You kill the jackal!
Lugonu accepts your kill.
You start resting.
A hobgoblin comes into view. It is wielding a +0 spear.
A hobgoblin is nearby!
A hobgoblin is nearby!
The hobgoblin misses you. The hobgoblin hits you with a +0 spear.
You die...

.# #... ##
#########...#
#...##...##†g.#
#........@#.#
##..#'#..## ..
####⌠#### ...
+⌠<⌠+ ..# ##⌠##
.# #+# #


You could see a hobgoblin.

Vanquished Creatures
  A hobgoblin (D:1)
  3 jackals (D:1)
  A frilled lizard (D:1)
5 creatures vanquished.

Notes
Turn   | Place    | Note
-------+----------+-------------------------------------------
     0 | Abyss:1  | Malachi the Ghoul Abyssal Knight began the quest for the
                  | Orb.
     0 | Abyss:1  | Reached XP level 1. HP: 19/19 MP: 1/1
    13 | D:1      | Escaped the Abyss
    47 | D:1      | Slain by a hobgoblin

Illustrated notes

Levels and vault maps discovered:
D:1:      grunt_arrival_crossed_arrows, layout_loops_ring,
          hellmonk_ecumenical_altar_blasted

Action                   || total
-------------------------++-------
Melee: Mace              ||    18
Armor: Leather armour    ||     8
Dodge: Dodged            ||    24

Table legend: (Time is in decaauts)
 A = Elapsed time spent in this place.
 B = Non-inter-level travel time spent in this place.
 C = Inter-level travel time spent in this place.
 D = Time resting spent in this place.
 E = Time spent auto-exploring this place.
 F = Levels seen in this place.
 G = Mean time per level.
                   A        B        C        D        E       F      G
               +--------+--------+--------+--------+--------+-----+--------+
         Total |     52 |     52 |      0 |      5 |     11 |   2 |   26.0 |
       Dungeon |     39 |     39 |      0 |      5 |      5 |   1 |   39.0 |
         Abyss |     13 |     13 |      0 |      0 |      6 |   1 |   13.0 |
               +--------+--------+--------+--------+--------+-----+--------+

Top non-repeatable levels by time:
     D:1: 39 daAuts
 Abyss:1: 13 daAuts
